%YAML 1.1
%TAG !u! tag:unity3d.com,2011:
--- !u!114 &11400000
MonoBehaviour:
  m_ObjectHideFlags: 0
  m_CorrespondingSourceObject: {fileID: 0}
  m_PrefabInternal: {fileID: 0}
  m_GameObject: {fileID: 0}
  m_Enabled: 1
  m_EditorHideFlags: 0
  m_Script: {fileID: 11500000, guid: 0e0c2324a9ab1224ebe3edad393e3544, type: 3}
  m_Name: SilenceFade
  m_EditorClassIdentifier: 
  nodes:
  - {fileID: 114191890171007446}
  - {fileID: 114450476133904218}
  - {fileID: 114945869918221152}
  - {fileID: 114051224759070416}
  - {fileID: 114621241794329482}
  editorStates:
  - {fileID: 114215990979902110}
  livesInScene: 0
--- !u!114 &114051224759070416
MonoBehaviour:
  m_ObjectHideFlags: 1
  m_CorrespondingSourceObject: {fileID: 0}
  m_PrefabInternal: {fileID: 0}
  m_GameObject: {fileID: 0}
  m_Enabled: 1
  m_EditorHideFlags: 0
  m_Script: {fileID: 11500000, guid: c27b9a5c05a327b429e00e673cb560ea, type: 3}
  m_Name: New Texture
  m_EditorClassIdentifier: 
  rect:
    serializedVersion: 2
    x: -238.5
    y: 4.5
    width: 150
    height: 210
  nodeKnobs:
  - {fileID: 114235490127052836}
  - {fileID: 114336005306806276}
  Inputs:
  - {fileID: 114235490127052836}
  Outputs:
  - {fileID: 114336005306806276}
  tex: {fileID: 2800000, guid: 61635b9534203ad44be327ec70835617, type: 3}
  MemoCount: 1
--- !u!114 &114169118437722986
MonoBehaviour:
  m_ObjectHideFlags: 1
  m_CorrespondingSourceObject: {fileID: 0}
  m_PrefabInternal: {fileID: 0}
  m_GameObject: {fileID: 0}
  m_Enabled: 1
  m_EditorHideFlags: 0
  m_Script: {fileID: 11500000, guid: 4caff27366054dd44a30ddb5be369acc, type: 3}
  m_Name: UV
  m_EditorClassIdentifier: 
  body: {fileID: 114450476133904218}
  side: 4
  sidePosition: 53
  sideOffset: 0
  connection: {fileID: 114633249441960604}
  typeID: SuperFloat2
--- !u!114 &114191890171007446
MonoBehaviour:
  m_ObjectHideFlags: 1
  m_CorrespondingSourceObject: {fileID: 0}
  m_PrefabInternal: {fileID: 0}
  m_GameObject: {fileID: 0}
  m_Enabled: 1
  m_EditorHideFlags: 0
  m_Script: {fileID: 11500000, guid: a77cd82446dcde44fa35044dff56e8cb, type: 3}
  m_Name: Mask with RGBA
  m_EditorClassIdentifier: 
  rect:
    serializedVersion: 2
    x: 2.5
    y: -162.5
    width: 172
    height: 220
  nodeKnobs:
  - {fileID: 114529125040736282}
  - {fileID: 114552811030296284}
  - {fileID: 114920881812810182}
  Inputs:
  - {fileID: 114529125040736282}
  - {fileID: 114552811030296284}
  Outputs:
  - {fileID: 114920881812810182}
  Variable: 0
  parametersOK: 1
  Include_RGBA_Alpha: 0
  MemoCount: 1
--- !u!114 &114215990979902110
MonoBehaviour:
  m_ObjectHideFlags: 1
  m_CorrespondingSourceObject: {fileID: 0}
  m_PrefabInternal: {fileID: 0}
  m_GameObject: {fileID: 0}
  m_Enabled: 1
  m_EditorHideFlags: 0
  m_Script: {fileID: 11500000, guid: f6ab6487237ff124ea4c2aa5de9ce3fb, type: 3}
  m_Name: MainEditorState
  m_EditorClassIdentifier: 
  canvas: {fileID: 11400000}
  parentEditor: {fileID: 0}
  drawing: 1
  selectedNode: {fileID: 114621241794329482}
  LivePreviewShaderPath: Assets/Shader/PHOENIX_SHADER/HalfFade.shader
  ShaderName: HalfFade
  ShaderInMemory: {fileID: 4800000, guid: 45cc293c5480be6449b1f9d57e5e95c5, type: 3}
  panOffset: {x: -139, y: 62}
  zoom: 1
--- !u!114 &114235490127052836
MonoBehaviour:
  m_ObjectHideFlags: 1
  m_CorrespondingSourceObject: {fileID: 0}
  m_PrefabInternal: {fileID: 0}
  m_GameObject: {fileID: 0}
  m_Enabled: 1
  m_EditorHideFlags: 0
  m_Script: {fileID: 11500000, guid: 4caff27366054dd44a30ddb5be369acc, type: 3}
  m_Name: UV
  m_EditorClassIdentifier: 
  body: {fileID: 114051224759070416}
  side: 4
  sidePosition: 53
  sideOffset: 0
  connection: {fileID: 0}
  typeID: SuperFloat2
--- !u!114 &114336005306806276
MonoBehaviour:
  m_ObjectHideFlags: 1
  m_CorrespondingSourceObject: {fileID: 0}
  m_PrefabInternal: {fileID: 0}
  m_GameObject: {fileID: 0}
  m_Enabled: 1
  m_EditorHideFlags: 0
  m_Script: {fileID: 11500000, guid: 42e7026d0da7df848ab67d517ac12d74, type: 3}
  m_Name: RGBA
  m_EditorClassIdentifier: 
  body: {fileID: 114051224759070416}
  side: 2
  sidePosition: 53
  sideOffset: 0
  connections:
  - {fileID: 114552811030296284}
  typeID: SuperFloat4
  calculationBlockade: 0
--- !u!114 &114450476133904218
MonoBehaviour:
  m_ObjectHideFlags: 1
  m_CorrespondingSourceObject: {fileID: 0}
  m_PrefabInternal: {fileID: 0}
  m_GameObject: {fileID: 0}
  m_Enabled: 1
  m_EditorHideFlags: 0
  m_Script: {fileID: 11500000, guid: 90ec3a51e031a9f42a8eeb9d470525f6, type: 3}
  m_Name: Main Texture
  m_EditorClassIdentifier: 
  rect:
    serializedVersion: 2
    x: -259.5
    y: -301.5
    width: 148
    height: 215
  nodeKnobs:
  - {fileID: 114169118437722986}
  - {fileID: 114653894257525914}
  Inputs:
  - {fileID: 114169118437722986}
  Outputs:
  - {fileID: 114653894257525914}
  Variable: _MainTex_
  MemoCount: 1
--- !u!114 &114529125040736282
MonoBehaviour:
  m_ObjectHideFlags: 1
  m_CorrespondingSourceObject: {fileID: 0}
  m_PrefabInternal: {fileID: 0}
  m_GameObject: {fileID: 0}
  m_Enabled: 1
  m_EditorHideFlags: 0
  m_Script: {fileID: 11500000, guid: 4caff27366054dd44a30ddb5be369acc, type: 3}
  m_Name: RGBA
  m_EditorClassIdentifier: 
  body: {fileID: 114191890171007446}
  side: 4
  sidePosition: 103
  sideOffset: 0
  connection: {fileID: 114653894257525914}
  typeID: SuperFloat4
--- !u!114 &114552811030296284
MonoBehaviour:
  m_ObjectHideFlags: 1
  m_CorrespondingSourceObject: {fileID: 0}
  m_PrefabInternal: {fileID: 0}
  m_GameObject: {fileID: 0}
  m_Enabled: 1
  m_EditorHideFlags: 0
  m_Script: {fileID: 11500000, guid: 4caff27366054dd44a30ddb5be369acc, type: 3}
  m_Name: RGBA
  m_EditorClassIdentifier: 
  body: {fileID: 114191890171007446}
  side: 4
  sidePosition: 125
  sideOffset: 0
  connection: {fileID: 114336005306806276}
  typeID: SuperFloat4
--- !u!114 &114621241794329482
MonoBehaviour:
  m_ObjectHideFlags: 1
  m_CorrespondingSourceObject: {fileID: 0}
  m_PrefabInternal: {fileID: 0}
  m_GameObject: {fileID: 0}
  m_Enabled: 1
  m_EditorHideFlags: 0
  m_Script: {fileID: 11500000, guid: da0a24bab1293f04d997dae2ec51c468, type: 3}
  m_Name: Build Shader
  m_EditorClassIdentifier: 
  rect:
    serializedVersion: 2
    x: 285.5
    y: -242.5
    width: 300
    height: 400
  nodeKnobs:
  - {fileID: 114638032003208406}
  Inputs:
  - {fileID: 114638032003208406}
  Outputs: []
  BuildErrorFlag: 0
  BuildLightningSupport: 0
--- !u!114 &114633249441960604
MonoBehaviour:
  m_ObjectHideFlags: 1
  m_CorrespondingSourceObject: {fileID: 0}
  m_PrefabInternal: {fileID: 0}
  m_GameObject: {fileID: 0}
  m_Enabled: 1
  m_EditorHideFlags: 0
  m_Script: {fileID: 11500000, guid: 42e7026d0da7df848ab67d517ac12d74, type: 3}
  m_Name: UV
  m_EditorClassIdentifier: 
  body: {fileID: 114945869918221152}
  side: 2
  sidePosition: 103
  sideOffset: 0
  connections:
  - {fileID: 114169118437722986}
  typeID: SuperFloat2
  calculationBlockade: 0
--- !u!114 &114638032003208406
MonoBehaviour:
  m_ObjectHideFlags: 1
  m_CorrespondingSourceObject: {fileID: 0}
  m_PrefabInternal: {fileID: 0}
  m_GameObject: {fileID: 0}
  m_Enabled: 1
  m_EditorHideFlags: 0
  m_Script: {fileID: 11500000, guid: 4caff27366054dd44a30ddb5be369acc, type: 3}
  m_Name: RGBA
  m_EditorClassIdentifier: 
  body: {fileID: 114621241794329482}
  side: 4
  sidePosition: 53
  sideOffset: 0
  connection: {fileID: 114920881812810182}
  typeID: SuperFloat4
--- !u!114 &114653894257525914
MonoBehaviour:
  m_ObjectHideFlags: 1
  m_CorrespondingSourceObject: {fileID: 0}
  m_PrefabInternal: {fileID: 0}
  m_GameObject: {fileID: 0}
  m_Enabled: 1
  m_EditorHideFlags: 0
  m_Script: {fileID: 11500000, guid: 42e7026d0da7df848ab67d517ac12d74, type: 3}
  m_Name: RGBA
  m_EditorClassIdentifier: 
  body: {fileID: 114450476133904218}
  side: 2
  sidePosition: 53
  sideOffset: 0
  connections:
  - {fileID: 114529125040736282}
  typeID: SuperFloat4
  calculationBlockade: 0
--- !u!114 &114905704575792284
MonoBehaviour:
  m_ObjectHideFlags: 1
  m_CorrespondingSourceObject: {fileID: 0}
  m_PrefabInternal: {fileID: 0}
  m_GameObject: {fileID: 0}
  m_Enabled: 1
  m_EditorHideFlags: 0
  m_Script: {fileID: 11500000, guid: 4caff27366054dd44a30ddb5be369acc, type: 3}
  m_Name: UV
  m_EditorClassIdentifier: 
  body: {fileID: 114945869918221152}
  side: 4
  sidePosition: 103
  sideOffset: 0
  connection: {fileID: 0}
  typeID: SuperFloat2
--- !u!114 &114920881812810182
MonoBehaviour:
  m_ObjectHideFlags: 1
  m_CorrespondingSourceObject: {fileID: 0}
  m_PrefabInternal: {fileID: 0}
  m_GameObject: {fileID: 0}
  m_Enabled: 1
  m_EditorHideFlags: 0
  m_Script: {fileID: 11500000, guid: 42e7026d0da7df848ab67d517ac12d74, type: 3}
  m_Name: RGBA
  m_EditorClassIdentifier: 
  body: {fileID: 114191890171007446}
  side: 2
  sidePosition: 103
  sideOffset: 0
  connections:
  - {fileID: 114638032003208406}
  typeID: SuperFloat4
  calculationBlockade: 0
--- !u!114 &114945869918221152
MonoBehaviour:
  m_ObjectHideFlags: 1
  m_CorrespondingSourceObject: {fileID: 0}
  m_PrefabInternal: {fileID: 0}
  m_GameObject: {fileID: 0}
  m_Enabled: 1
  m_EditorHideFlags: 0
  m_Script: {fileID: 11500000, guid: 8b2c1c89d3615f64dbee1e8297b7e160, type: 3}
  m_Name: Rotation UV
  m_EditorClassIdentifier: 
  rect:
    serializedVersion: 2
    x: -600.5
    y: -302.5
    width: 172
    height: 360
  nodeKnobs:
  - {fileID: 114905704575792284}
  - {fileID: 114633249441960604}
  Inputs:
  - {fileID: 114905704575792284}
  Outputs:
  - {fileID: 114633249441960604}
  Variable: 0
  Variable2: 0.5
  Variable3: 0.5
  Variable4: 4
  AddParameters: 1
  MemoCount: 1
